TOP OF THE 1ST |
Philadelphia Phillies batting - Pitching for Atlanta Braves : RHP Miles Mikolas
|
Pitching: RHP Miles Mikolas
|
|
Batting: LHB Leonys Martin
|
0-0: Bunt for hit to 3S - play at first, batter OUT! 3-4
|
Batting: SHB Ketel Marte
|
0-0: Ball 1-0: Swinging Strike 1-1: Bunt for hit to 3S - play at first, batter safe!
|
Batting: RHB Giancarlo Stanton
|
0-0: Ball 1-0: Called Strike 1-1: Ball 2-1: Ball 3-1: Foul Ball, location: 2F 3-2: Foul Ball, location: 2F 3-2: Foul Ball, location: 2F 3-2: Fly out, F4 (Flyball, 3D, EV 95.6 MPH)
|
Batting: LHB David Peralta
|
0-0: Called Strike 0-1: Foul Ball, location: 2F 0-2: Foul Ball, location: 2F 0-2: Ball 1-2: Foul Ball, location: 2F 1-2: Fly out, F8 (Flyball, 78D, EV 100.6 MPH)
|
Top of the 1st over - 0 runs, 1 hit, 0 errors, 1 left on base; Philadelphia 0 - Atlanta 0 |
BOTTOM OF THE 1ST |
Atlanta Braves batting - Pitching for Philadelphia Phillies : RHP Aaron Blair
|
Pitching: RHP Aaron Blair
|
|
Batting: LHB Mallex Smith
|
0-0: Called Strike 0-1: Ball 1-1: Ball 2-1: Called Strike 2-2: Foul Ball, location: 2F 2-2: Foul Ball, location: 2F 2-2: Ball 3-2: SINGLE (Line Drive, 7S, EV 93.8 MPH)
|
Batting: RHB Ian Desmond
|
0-0: Called Strike 0-1: Ball 1-1: SINGLE (Line Drive, 9LS, EV 90.0 MPH) Mallex Smith to second Runner from 2nd tries for 3rd, SAFE, throw by RF made to third
|
Batting: RHB Miguel Sano
|
0-0: Ball 1-0: Called Strike Ian Desmond steals 2nd base 1-1: Swinging Strike 1-2: Ball 2-2: SINGLE (Groundball, 56D, EV 98.8 MPH) Mallex Smith scores Ian Desmond to third Runner from 3rd tries for Home, SAFE, throw by LF to home Miguel Sano to second
|
Batting: RHB Domingo Santana
|
0-0: Ball 1-0: Swinging Strike 1-1: SINGLE (Flyball, 9S, EV 89.4 MPH) Miguel Sano to third
|
Batting: SHB Robbie Grossman
|
0-0: Called Strike 0-1: Called Strike 0-2: Ball 1-2: Ball 2-2: Fly out, F7 (Flyball, 78D, EV 87.5 MPH) Runner from 3rd tags up, SCORES, throw by LF
|
Batting: RHB John Ryan Murphy
|
0-0: Ball Wild Pitch! Domingo Santana to second 1-0: Swinging Strike 1-1: Called Strike 1-2: Ground out 5-3 (Groundball, 56S, EV 81.3 MPH)
|
Batting: RHB Adeiny Hechavarria
|
0-0: Ball 1-0: Called Strike 1-1: Ball 2-1: Called Strike 2-2: Ball 3-2: DOUBLE (Line Drive, 9LS, EV 106.9 MPH) Domingo Santana scores
|
Batting: RHB Pat Valaika
|
0-0: Foul Ball, location: 2F 0-1: Called Strike 0-2: Foul Ball, location: 2F 0-2: Ball 1-2: Ball 2-2: Ball 3-2: SINGLE (Line Drive, 78S, EV 87.5 MPH) Adeiny Hechavarria to third Adeiny Hechavarria scores
|
Batting: RHB Miles Mikolas
|
0-0: Ball 1-0: Called Strike 1-1: Foul Ball, location: 2F 1-2: Strikes out swinging
|
Bottom of the 1st over - 5 runs, 6 hits, 0 errors, 1 left on base; Philadelphia 0 - Atlanta 5 |
TOP OF THE 2ND |
Philadelphia Phillies batting - Pitching for Atlanta Braves : RHP Miles Mikolas
|
Batting: LHB Justin Bour
|
0-0: Fly out, F4 (Popup, 34S, EV 73.8 MPH)
|
Batting: RHB Todd Frazier
|
0-0: Called Strike 0-1: Ball 1-1: SINGLE (Line Drive, 7S, EV 91.3 MPH)
|
Batting: RHB Russell Martin
|
0-0: Ball 1-0: Called Strike 1-1: Ball 2-1: Fly out, F7 (Flyball, 7, EV 96.3 MPH)
|
Batting: RHB Scott Kingery
|
0-0: Called Strike 0-1: Ball 1-1: Called Strike 1-2: Ball 2-2: Ball 3-2: Fly out, F8 (Flyball, 89M, EV 88.8 MPH)
|
Top of the 2nd over - 0 runs, 1 hit, 0 errors, 1 left on base; Philadelphia 0 - Atlanta 5 |
BOTTOM OF THE 2ND |
Atlanta Braves batting - Pitching for Philadelphia Phillies : RHP Aaron Blair
|
Batting: LHB Mallex Smith
|
0-0: Ball 1-0: Ball 2-0: Called Strike 2-1: Ground out 6-3 (Groundball, 56, EV 83.1 MPH)
|
Batting: RHB Ian Desmond
|
0-0: Ball 1-0: Called Strike 1-1: Fly out, F6 (Popup, 6M, EV 65.6 MPH)
|
Batting: RHB Miguel Sano
|
0-0: Foul Ball, location: 2F 0-1: Foul Ball, location: 2F 0-2: Ball 1-2: Ball 2-2: Ball 3-2: Base on Balls
|
Pitching: RHP Jumbo Diaz
|
|
Batting: RHB Domingo Santana
|
0-0: Ball 1-0: Ball 2-0: Called Strike 2-1: Ball 3-1: Base on Balls Miguel Sano to second
|
Batting: SHB Robbie Grossman
|
0-0: Called Strike 0-1: Ground out 4-3 (Groundball, 4, EV 99.4 MPH)
|
Bottom of the 2nd over - 0 runs, 0 hits, 0 errors, 2 left on base; Philadelphia 0 - Atlanta 5 |
TOP OF THE 3RD |
Philadelphia Phillies batting - Pitching for Atlanta Braves : RHP Miles Mikolas
|
Batting: RHB Jumbo Diaz
|
0-0: Called Strike 0-1: Foul Ball, location: 2F 0-2: Ball 1-2: Ball 2-2: Ball 3-2: Strikes out swinging
|
Batting: LHB Leonys Martin
|
0-0: Ball 1-0: Foul Ball, location: 2F 1-1: Ball 2-1: Called Strike 2-2: Ball 3-2: Foul Ball, location: 2F 3-2: Foul Ball, location: 2F 3-2: Base on Balls
|
Batting: SHB Ketel Marte
|
0-0: Ball 1-0: Swinging Strike 1-1: Swinging Strike 1-2: Strikes out swinging
|
Batting: RHB Giancarlo Stanton
|
0-0: Ball 1-0: Called Strike Leonys Martin steals 2nd base 1-1: Ball 2-1: Ball 3-1: Base on Balls
|
Batting: LHB David Peralta
|
0-0: Called Strike 0-1: Ball 1-1: Foul Ball, location: 2F 1-2: Fly out, F7 (Flyball, 7, EV 89.4 MPH)
|
Top of the 3rd over - 0 runs, 0 hits, 0 errors, 2 left on base; Philadelphia 0 - Atlanta 5 |
BOTTOM OF THE 3RD |
Atlanta Braves batting - Pitching for Philadelphia Phillies : RHP Jumbo Diaz
|
Batting: RHB John Ryan Murphy
|
0-0: Ball 1-0: Called Strike 1-1: Called Strike 1-2: Strikes out looking
|
Batting: RHB Adeiny Hechavarria
|
0-0: Ball 1-0: Swinging Strike 1-1: Swinging Strike 1-2: Ball 2-2: Ball 3-2: Strikes out swinging
|
Batting: RHB Pat Valaika
|
0-0: Ball 1-0: Ground out 5-3 (Groundball, 56S, EV 81.9 MPH)
|
Bottom of the 3rd over - 0 runs, 0 hits, 0 errors, 0 left on base; Philadelphia 0 - Atlanta 5 |
TOP OF THE 4TH |
Philadelphia Phillies batting - Pitching for Atlanta Braves : RHP Miles Mikolas
|
Batting: LHB Justin Bour
|
0-0: Called Strike 0-1: Swinging Strike 0-2: Ball 1-2: Ball 2-2: Foul Ball, location: 2F 2-2: SOLO HOME RUN (Flyball, 9D, EV 92.5 MPH), Distance : 384 ft
|
Batting: RHB Todd Frazier
|
0-0: Ball 1-0: Ball 2-0: Swinging Strike 2-1: Fly out, F9 (Flyball, 9LS, EV 81.9 MPH)
|
Batting: RHB Russell Martin
|
0-0: Ball 1-0: Ball 2-0: Called Strike 2-1: Foul Ball, location: 2F 2-2: Foul Ball, location: 2F 2-2: Strikes out swinging
|
Batting: RHB Scott Kingery
|
0-0: Called Strike 0-1: Foul Ball, location: 2F 0-2: Strikes out looking
|
Top of the 4th over - 1 run, 1 hit, 0 errors, 0 left on base; Philadelphia 1 - Atlanta 5 |
BOTTOM OF THE 4TH |
Atlanta Braves batting - Pitching for Philadelphia Phillies : RHP Jumbo Diaz
|
Batting: RHB Miles Mikolas
|
0-0: Reached on error, E4 (Groundball, 4, EV 86.3 MPH)
|
Batting: LHB Mallex Smith
|
0-0: Swinging Strike 0-1: Ball 1-1: Swinging Strike 1-2: Strikes out looking
|
Batting: RHB Ian Desmond
|
0-0: Grounds into double play, 5-4-3 (Groundball, 5, EV 100.6 MPH)
|
Bottom of the 4th over - 0 runs, 0 hits, 1 error, 0 left on base; Philadelphia 1 - Atlanta 5 |
TOP OF THE 5TH |
Philadelphia Phillies batting - Pitching for Atlanta Braves : RHP Miles Mikolas
|
Batting: RHB Jumbo Diaz
|
0-0: Ball 1-0: DOUBLE (Groundball, 5L, EV 108.1 MPH)
|
Batting: LHB Leonys Martin
|
0-0: Called Strike 0-1: Ground out U3 (Groundball, 34, EV 108.1 MPH) Jumbo Diaz to third
|
Batting: SHB Ketel Marte
|
0-0: Called Strike 0-1: Called Strike 0-2: Ball 1-2: DOUBLE (Line Drive, 78XD, EV 105.6 MPH) Jumbo Diaz scores
|
Batting: RHB Giancarlo Stanton
|
0-0: Called Strike 0-1: Ball 1-1: Ball 2-1: Ball 3-1: Swinging Strike 3-2: Strikes out swinging
|
Batting: LHB David Peralta
|
0-0: Swinging Strike 0-1: Called Strike 0-2: Ground out 3-1 (Groundball, 34D, EV 99.4 MPH)
|
Top of the 5th over - 1 run, 2 hits, 0 errors, 1 left on base; Philadelphia 2 - Atlanta 5 |
BOTTOM OF THE 5TH |
Atlanta Braves batting - Pitching for Philadelphia Phillies : RHP Jumbo Diaz
|
Batting: RHB Miguel Sano
|
0-0: Ball 1-0: Called Strike 1-1: Called Strike 1-2: Strikes out looking
|
Batting: RHB Domingo Santana
|
0-0: Foul Ball, location: 2F 0-1: Fly out, F4 (Line Drive, 4, EV 70.0 MPH)
|
Batting: SHB Robbie Grossman
|
0-0: Ball 1-0: DOUBLE (Line Drive, 9LS, EV 102.5 MPH)
|
Pitching: RHP Seung-hwan Oh
|
|
Batting: RHB John Ryan Murphy
|
0-0: Ball 1-0: Fly out, F8 (Flyball, 89M, EV 87.5 MPH)
|
Bottom of the 5th over - 0 runs, 1 hit, 0 errors, 1 left on base; Philadelphia 2 - Atlanta 5 |
TOP OF THE 6TH |
Philadelphia Phillies batting - Pitching for Atlanta Braves : RHP Miles Mikolas
|
Pitching: LHP Drew Pomeranz
|
|
Batting: LHB Justin Bour
|
0-0: Ball 1-0: Ball 2-0: Foul Ball, location: 2F 2-1: Foul Ball, location: 2F 2-2: Ball 3-2: Foul Ball, location: 2F 3-2: Base on Balls
|
Batting: RHB Todd Frazier
|
0-0: Ball 1-0: Ball Wild Pitch! Justin Bour to second 2-0: Ball 3-0: Base on Balls
|
Batting: RHB Russell Martin
|
0-0: Swinging Strike 0-1: Called Strike 0-2: Ball 1-2: Ball 2-2: Ball 3-2: Strikes out looking
|
Pitching: RHP Ivan Nova
|
|
Batting: RHB Scott Kingery
|
0-0: Swinging Strike 0-1: Swinging Strike 0-2: Ball 1-2: Foul Ball, location: 2F 1-2: Strikes out looking
|
Pinch Hitting: LHB Nicky Delmonico
|
0-0: Ball 1-0: Foul Ball, location: 2F 1-1: Foul Ball, location: 2F 1-2: Strikes out swinging
|
Top of the 6th over - 0 runs, 0 hits, 0 errors, 2 left on base; Philadelphia 2 - Atlanta 5 |
BOTTOM OF THE 6TH |
Atlanta Braves batting - Pitching for Philadelphia Phillies : RHP Seung-hwan Oh
|
Pitching: LHP Alex Claudio
|
|
Batting: RHB Adeiny Hechavarria
|
0-0: Swinging Strike 0-1: Ground out 6-3 (Groundball, 6, EV 83.1 MPH)
|
Batting: RHB Pat Valaika
|
0-0: Ball 1-0: Foul Ball, location: 2F 1-1: Swinging Strike 1-2: Ball 2-2: Fly out, F7 (Flyball, 7S, EV 90.0 MPH)
|
Batting: RHB Ivan Nova
|
0-0: Ball 1-0: SINGLE (Groundball, 56D, EV 104.4 MPH)
|
Batting: LHB Mallex Smith
|
0-0: Ball 1-0: Ball 2-0: Called Strike 2-1: Foul Ball, location: 2F 2-2: Fielders Choice at 2nd, 5-4 (Groundball, 5, EV 94.4 MPH)
|
Bottom of the 6th over - 0 runs, 1 hit, 0 errors, 1 left on base; Philadelphia 2 - Atlanta 5 |
TOP OF THE 7TH |
Philadelphia Phillies batting - Pitching for Atlanta Braves : RHP Ivan Nova
|
Batting: LHB Leonys Martin
|
0-0: Ball 1-0: Foul Ball, location: 2F 1-1: Swinging Strike 1-2: Strikes out swinging
|
Batting: SHB Ketel Marte
|
0-0: Ball 1-0: Ball 2-0: Called Strike 2-1: Fly out, F4 (Line Drive, 4, EV 71.3 MPH)
|
Batting: RHB Giancarlo Stanton
|
0-0: Called Strike 0-1: Ball 1-1: Ball 2-1: Swinging Strike 2-2: Ball 3-2: Strikes out swinging
|
Top of the 7th over - 0 runs, 0 hits, 0 errors, 0 left on base; Philadelphia 2 - Atlanta 5 |
BOTTOM OF THE 7TH |
Atlanta Braves batting - Pitching for Philadelphia Phillies : LHP Alex Claudio
|
Pitching: RHP Jamie Callahan
|
|
Batting: RHB Ian Desmond
|
0-0: Ball 1-0: SOLO HOME RUN (Flyball, 7LD, EV 97.5 MPH), Distance : 352 ft
|
Batting: RHB Miguel Sano
|
0-0: Called Strike 0-1: Called Strike 0-2: Strikes out swinging
|
Batting: RHB Domingo Santana
|
0-0: Swinging Strike 0-1: Ball 1-1: Called Strike 1-2: Foul Ball, location: 2F 1-2: Ball 2-2: Ball 3-2: Foul Ball, location: 2F 3-2: Foul Ball, location: 2F 3-2: Strikes out swinging
|
Batting: SHB Robbie Grossman
|
0-0: Called Strike 0-1: Ball 1-1: Foul Ball, location: 2F 1-2: Ball 2-2: Foul Ball, location: 2F 2-2: Ball 3-2: Strikes out swinging
|
Bottom of the 7th over - 1 run, 1 hit, 0 errors, 0 left on base; Philadelphia 2 - Atlanta 6 |
TOP OF THE 8TH |
Philadelphia Phillies batting - Pitching for Atlanta Braves : RHP Ivan Nova
|
Pitching: RHP Daniel Hudson
|
|
Batting: LHB David Peralta
|
0-0: Foul Ball, location: 2F 0-1: Ball 1-1: Foul Ball, location: 2F 1-2: Ball 2-2: Foul Ball, location: 2F 2-2: Ball 3-2: Base on Balls
|
Batting: LHB Justin Bour
|
0-0: Ball 1-0: Ball 2-0: SINGLE (Flyball, 89M, EV 90.0 MPH) David Peralta to second
|
Batting: RHB Todd Frazier
|
0-0: Called Strike 0-1: Ball 1-1: Called Strike 1-2: Strikes out looking
|
Pitching: RHP Ryan Dull
|
|
Batting: RHB Russell Martin
|
0-0: Ball 1-0: Foul Ball, location: 2F 1-1: Foul Ball, location: 2F 1-2: Foul Ball, location: 2F 1-2: Ball 2-2: Ball 3-2: Fly out, F6 (Flyball, 56D, EV 81.3 MPH)
|
Batting: RHB Scott Kingery
|
0-0: Ball 1-0: DOUBLE (Line Drive, 89M, EV 106.3 MPH) David Peralta scores Justin Bour to third
|
Pinch Hitting: RHB Jesus Aguilar
|
0-0: Called Strike 0-1: SINGLE (Line Drive, 56D, EV 96.9 MPH) Justin Bour scores Scott Kingery to third Runner from 3rd tries for Home, SAFE, throw by LF to home Jesus Aguilar to second
|
Batting: LHB Leonys Martin
|
0-0: Called Strike 0-1: Ball 1-1: Ball 2-1: Foul Ball, location: 2F 2-2: Ball 3-2: Foul Ball, location: 2F 3-2: Foul Ball, location: 2F 3-2: Base on Balls
|
Pitching: RHP Matt Wisler
|
|
Batting: SHB Ketel Marte
|
0-0: Fly out, F9 (Flyball, 9S, EV 91.3 MPH)
|
Top of the 8th over - 3 runs, 3 hits, 0 errors, 2 left on base; Philadelphia 5 - Atlanta 6 |
BOTTOM OF THE 8TH |
Atlanta Braves batting - Pitching for Philadelphia Phillies : RHP Jamie Callahan
|
Pitching: RHP Lou Trivino
|
|
Batting: RHB John Ryan Murphy
|
0-0: Ball 1-0: Fly out, F4 (Popup, 4D, EV 45.0 MPH)
|
Batting: RHB Adeiny Hechavarria
|
0-0: Called Strike 0-1: Ball 1-1: Ball 2-1: Foul Ball, location: 2F 2-2: Ball 3-2: Ground out 1-3 (Groundball, 13, EV 71.3 MPH)
|
Batting: RHB Pat Valaika
|
0-0: Ball 1-0: Ball 2-0: Ball 3-0: Called Strike 3-1: Ground out 4-3 (Groundball, 4S, EV 88.1 MPH)
|
Bottom of the 8th over - 0 runs, 0 hits, 0 errors, 0 left on base; Philadelphia 5 - Atlanta 6 |
TOP OF THE 9TH |
Philadelphia Phillies batting - Pitching for Atlanta Braves : RHP Matt Wisler
|
Pitching: RHP Michael Lorenzen
|
|
Now at 2B: Juniel Querecuto
|
|
Batting: RHB Giancarlo Stanton
|
0-0: Called Strike 0-1: Swinging Strike 0-2: Ball 1-2: Ball 2-2: Ball 3-2: Strikes out looking
|
Batting: LHB David Peralta
|
0-0: Foul Ball, location: 2F 0-1: Ball 1-1: Foul Ball, location: 2F 1-2: Foul Ball, location: 2F 1-2: Hit by Pitch
|
Batting: LHB Justin Bour
|
0-0: Swinging Strike 0-1: Ball 1-1: Swinging Strike 1-2: Foul Ball, location: 2F 1-2: Strikes out swinging
|
Batting: RHB Todd Frazier
|
0-0: Foul Ball, location: 2F 0-1: Ball 1-1: Fielders Choice at 2nd, 6-4 (Groundball, 6, EV 87.5 MPH)
|
Top of the 9th over - 0 runs, 0 hits, 0 errors, 1 left on base; Philadelphia 5 - Atlanta 6 |
|